 Dungeon Crawl Stone Soup version 0.30-a0-1016-gfb0d676c02 (webtiles) character file.

Game seed: 7997314629133449006

130 DeathPants the Ducker (level 4, -6/35 HPs)
             Began as a Demonspawn Gladiator on Apr 6, 2023.
             Killed by nerve-wracking pain
             ... invoked by Jessica
              (11 damage)
             ... on level 3 of the Dungeon.
             The game lasted 00:05:17 (1988 turns).

DeathPants the Ducker (Demonspawn Gladiator)        Turns: 1988, Time: 00:05:18

Health: -6/35      AC:  8    Str: 20    XL:     4   Next: 89%
Magic:  6/6        EV: 11    Int: 11    God:
Gold:   167        SH:  0    Dex: 15    Spells: 6/6 levels left

rFire   . . .      SeeInvis .    a - +0 war axe
rCold   . . .      Faith    .    (no shield)
rNeg    . . .      Spirit   .    k - +0 scale mail
rPois   .          Reflect  .    (helmet restricted)
rElec   .          Rampage  .    (no cloak)
rCorr   .                        (no gloves)
Will    .....                    (no boots) Stlth
                                 (no amulet)
HPRegen 0.25/turn                p - +6 ring of strength
MPRegen 0.10/turn                (no ring)

@: no status effects
A: antennae 1, icy blue scales 1
a: no special abilities


You were on level 3 of the Dungeon.
You visited 1 branch of the dungeon, and saw 4 of its levels.

You collected 167 gold pieces.

Inventory:

Hand Weapons
 a - a +0 war axe (weapon)
Missiles
 d - 3 throwing nets (quivered)
 e - a javelin
 f - 11 poisoned darts
 j - 3 boomerangs
Armour
 b - a +0 leather armour
 c - a +0 buckler
 k - a +0 scale mail (worn)
Jewellery
 p - a +6 ring of strength (left hand)
Scrolls
 g - 4 scrolls of identify {unknown}
 l - a scroll of magic mapping {unknown}
 n - a scroll of amnesia {unknown}
 o - a scroll of teleportation {unknown}
 q - a scroll of fog {unknown}
Potions
 h - a potion of resistance {unknown}
 i - 2 potions of curing {unknown}
 m - a potion of flight {unknown}
 r - a potion of degeneration {unknown}


   Skills:
 + Level 3.0 Fighting
 - Level 2.6 Axes
 - Level 1.7 Throwing
 + Level 1.9 Armour
 + Level 3.4 Dodging
 + Level 1.9 Spellcasting


You had 6 spell levels left.
You didn't know any spells.
Your spell library contained the following spells:

 Spells                   Type           Power      Damage    Failure   Level
 Poisonous Vapours        Pois/Air       2%         N/A       78%         2
 Call Canine Familiar     Summ           1%         N/A       95%         3
 Mephitic Cloud           Conj/Pois/Air  1%         N/A       95%         3
 Portal Projectile        Hex/Tloc       2%         N/A       95%         3
 Leda's Liquefaction      Hex/Erth       0%         N/A       100%        4
 Freezing Cloud           Conj/Ice/Air   0%         6-21      100%        5


Dungeon Overview and Level Annotations

Branches:
Dungeon (4/15)
 Temple: D:4-7

Altars:
Sif Muna

Annotations:
D:3 Jessica


Innate Abilities, Weirdness & Mutations

You have a pair of small antennae on your head.
You are partially covered in icy blue scales. (AC +2)


Message History

Jessica misses you.
You hit Jessica but do no damage.
Jessica is severely wounded.
Jessica points at you and mumbles some strange words.
Pain shoots through your body! Jessica misses you.
You hit Jessica.
Jessica is severely wounded.
Jessica closely misses you.
You barely miss Jessica.
Jessica is severely wounded.
Jessica hits you with a +0 dagger.
You hit Jessica but do no damage.
Jessica is severely wounded.
Jessica misses you. Jessica completely misses you.
You hit Jessica.
Jessica is almost dead.
Jessica hits you with a +0 dagger.
* * * LOW HITPOINT WARNING * * *
You barely miss Jessica.
Jessica is almost dead.
Your transformation is almost over.
Jessica hits you with a +0 dagger!
* * * LOW HITPOINT WARNING * * *
You hit Jessica but do no damage.
Jessica is almost dead.
Jessica misses you. Jessica gestures at you while chanting.
You barely resist. You hit Jessica.
Jessica is almost dead.
Jessica gestures wildly while chanting.
Jessica blinks!
You feel less batty.
Your +0 war axe unmelds from your body.
Your +0 scale mail unmelds from your body.
Your +6 ring of strength unmelds from your body.
You feel stronger. Jessica casts a spell at you. Pain shoots through your body!
You die...

#.^# #.### #..#
##..## #..# ###.#
#..# ##..## #..#
#.###
#..########..##
#...@.....).))####.#
#.##########.......#
#.@..@....##.#######
#########.##.# #.#
#.. ##. .


You could see Jessica (fast).

Vanquished Creatures
  An orc wizard (D:3)
  4 adders
  2 dart slugs (D:1)
  4 orcs (D:3)
  6 bats
  5 endoplasms
  4 giant cockroaches
  4 hobgoblins
  8 jackals
  3 kobolds
  5 quokkas
  3 ball pythons
  3 frilled lizards
  5 rats
57 creatures vanquished.

Notes
Turn   | Place    | Note
-------+----------+-------------------------------------------
     0 | D:1      | DeathPants the Demonspawn Gladiator began the quest for the
                  | Orb.
     0 | D:1      | Reached XP level 1. HP: 16/16 MP: 1/1
    67 | D:1      | Gained mutation: You are partially covered in icy blue
                  | scales. (AC +2) [demonic ancestry]
    67 | D:1      | Reached XP level 2. HP: 22/22 MP: 2/2
   415 | D:1      | Reached skill level 1 in Spellcasting
   433 | D:1      | Reached skill level 1 in Armour
   518 | D:1      | Reached XP level 3. HP: 21/28 MP: 4/4
   581 | D:1      | Found a faded altar of an unknown god.
   957 | D:2      | Found a shimmering blue altar of Sif Muna.
  1252 | D:2      | Gained mutation: You have a pair of small antennae on your
                  | head. [demonic ancestry]
  1252 | D:2      | Reached XP level 4. HP: 34/34 MP: 6/6
  1943 | D:3      | Noticed Jessica
  1988 | D:3      | Killed from afar by Jessica

Illustrated notes

Levels and vault maps discovered:
D:1:      dpeg_arrival_pits, layout_loops_ring, ebering_ecumenical_altar_hall,
          kennysheep_crisscross
D:2:      layout_loops_cross, basic_altar
D:3:      layout_loops_ring, grunt_decor_resistance, uniq_jessica
D:4:      layout_cave_pools, gammafunk_ghost_necromancy, minmay_crystal_water

Skill      XL: |  1  2  3  4 |
---------------+-------------+-----
Dodging        | 3 |  3.4
Spellcasting   | 1 |  1.9
Armour         | 1 |  1.9
Fighting       | 3 |  3.0
Axes           | |  2.6
Throwing       | |  1.7

Action                     |  1- 3 |  4- 6 || total
---------------------------+-------+-------++-------
  Melee: War axe           |   111 |    47 ||   158
         Punch             |     2 |     1 ||     3
         Unarmed           |       |    25 ||    25
   Stab: Distracted        |     1 |       ||     1
         Sleeping          |     1 |       ||     1
 Armour: Leather armour    |    58 |       ||    58
         Scale mail        |       |    21 ||    21
  Dodge: Dodged            |    83 |    50 ||   133

Table legend: (Time is in decaauts)
 A = Elapsed time spent in this place.
 B = Non-inter-level travel time spent in this place.
 C = Inter-level travel time spent in this place.
 D = Time resting spent in this place.
 E = Time spent auto-exploring this place.
 F = Levels seen in this place.
 G = Mean time per level.
                   A        B        C        D        E       F      G
               +--------+--------+--------+--------+--------+-----+--------+
         Total |   2038 |   1979 |     59 |      0 |   1382 |   4 |  509.5 |
       Dungeon |   2038 |   1979 |     59 |      0 |   1382 |   4 |  509.5 |
               +--------+--------+--------+--------+--------+-----+--------+

Top non-repeatable levels by time:
     D:1: 819 daAuts
     D:2: 665 daAuts
     D:3: 535 daAuts
     D:4: 18 daAuts
